[Event "Titled Tuesday Blitz December 13 Early 2022"]
[White "Szyszylo, Rafal"]
[Black "Miszler, Levente"]
[WhiteFideId "1109626"]
[BlackFideId "763276"]
[WhiteElo "1981"]
[BlackElo "2176"]
[Result "0-1"]
[Round "10"]
[TimeControl "180+1"]
[Date "2022.12.14"]
[WhiteClock "0:00:02"]
[BlackClock "0:00:07"]

1. e4 e6 2. d4 d5 3. e5 f6 4. c3 fxe5 5. dxe5 c5 6. Bd3 g6 7. h4 Bg7 8. h5 Ne7 9. hxg6 hxg6 10. Rxh8+ Bxh8 11. Bf4 Nbc6 12. Nf3 Bd7 13. Nbd2 Qc7 14. Qe2 O-O-O 15. O-O-O Rf8 16. Bh2 Qa5 17. Kb1 Qb6 18. Ng5 c4 19. Bc2 Qxf2 20. Qg4 Nf5 21. Bxf5 Qxf5+ 22. Qxf5 Rxf5 23. Ndf3 Nxe5 24. Bxe5 Bxe5 25. Re1 Bf4 26. Nxe6 g5 27. Nxf4 gxf4 28. Kc1 Kc7 29. Re2 Kd6 30. Kd2 Rf7 31. Rf2 Bg4 32. Nd4 a6 33. a4 Ke5 34. Rf1 Rh7 35. Ke1 Bf5 36. Kf2 Be4 37. Re1 Rg7 38. Nf3+ Kf5 39. Nd4+ Ke5 40. Rg1 Kd6 41. g3 fxg3+ 42. Rxg3 Rxg3 43. Kxg3 Kc5 44. Kf4 Kb6 45. Ke5 Ka5 46. Kd6 Kxa4 47. Kc7 b5 48. Kb6 a5 49. Kc5 b4 50. Kb6 bxc3 51. bxc3 Bg2 52. Nc6 Kb3 53. Nxa5+ Kxc3 54. Kc5 Bf3 55. Nc6 Bg2 56. Nd4 Kd3 57. Ne6 Be4 58. Nf4+ Ke3 59. Ne6 c3 60. Nd4 Kd2 61. Nb3+ Kd3 62. Nc1+ Kc2 63. Ne2 Kb2 0-1


[Site "https://www.chess.com"]

[Event "Titled Tuesday Blitz December 13 Early 2022"]
[White "Taboas Rodriguez, Daniel"]
[Black "Harshavardhan G B"]
[WhiteFideId "2208466"]
[BlackFideId "25059009"]
[WhiteElo "2599"]
[BlackElo "2746"]
[Result "0-1"]
[Round "10"]
[TimeControl "180+1"]
[Date "2022.12.14"]
[WhiteClock "0:00:01"]
[BlackClock "0:00:42"]

1. d4 Nf6 2. Nf3 e6 3. c4 Bb4+ 4. Nbd2 O-O 5. a3 Be7 6. e4 d6 7. Bd3 Nbd7 8. O-O e5 9. Re1 a5 10. b3 exd4 11. Nxd4 Ne5 12. Bf1 c6 13. Bb2 Re8 14. h3 Ng6 15. g3 Bf8 16. Bg2 Qb6 17. Qc2 Bd7 18. Kh2 Rac8 19. f4 h5 20. Rf1 h4 21. g4 Bxg4 22. hxg4 Nxg4+ 23. Kh1 Ne3 24. Qd3 Nxf1 25. Rxf1 Rcd8 26. Qh3 Be7 27. Qg4 a4 28. Nf5 Bf8 29. Nxg7 Bxg7 30. Bxg7 Kxg7 31. f5 Qe3 32. fxg6 fxg6 33. e5 Qxd2 34. Rf6 Qe1+ 35. Bf1 Qb1 36. Qf4 Rf8 37. Kh2 Qb2+ 0-1


[Site "https://www.chess.com"]

[Event "Titled Tuesday Blitz December 13 Early 2022"]
[White "Tan, Zhongyi"]
[Black "Saravana, Krishnan P."]
[WhiteFideId "8603642"]
[BlackFideId "5018382"]
[WhiteElo "2510"]
[BlackElo "2190"]
[Result "1-0"]
[Round "10"]
[TimeControl "180+1"]
[Date "2022.12.13"]
[WhiteClock "0:00:58"]
[BlackClock "0:00:08"]

1. e4 e6 2. d4 d5 3. exd5 exd5 4. Bd3 Nf6 5. Nf3 c5 6. c3 Nc6 7. Be3 c4 8. Bc2 Bg4 9. Nbd2 Bd6 10. h3 Bh5 11. b3 b5 12. a4 a6 13. axb5 axb5 14. Rxa8 Qxa8 15. bxc4 bxc4 16. O-O O-O 17. g4 Bg6 18. Nh4 Re8 19. Nf5 Bc7 20. Qf3 Qa2 21. Bb1 Qa5 22. Bg5 Bb8 23. Bxf6 gxf6 24. Ng3 Kg7 25. h4 Nxd4 26. cxd4 Qxd2 27. Nf5+ Kh8 28. h5 Re1 29. hxg6 hxg6 30. Ne3 Rxf1+ 31. Nxf1 Qxd4 32. Kg2 Qe5 33. Qe3 Kg7 34. Qxe5 fxe5 35. Ne3 d4 36. Nxc4 Kf6 37. Kf3 Kg5 38. Nb6 f5 39. gxf5 gxf5 40. Nd7 e4+ 41. Ke2 d3+ 42. Kf1 Bf4 43. Ba2 Be5 44. Nxe5 Kf4 45. Nc4 Kf3 46. Bb3 f4 47. Bd1# 1-0


[Site "https://www.chess.com"]

[Event "Titled Tuesday Blitz December 13 Early 2022"]
[White "Timofeev, Artyom"]
[Black "Kazakouski, Valery"]
[WhiteFideId "4140419"]
[BlackFideId "13507443"]
[WhiteElo "2586"]
[BlackElo "2516"]
[Result "1-0"]
[Round "10"]
[TimeControl "180+1"]
[Date "2022.12.13"]
[WhiteClock "0:00:19"]
[BlackClock "0:00:03"]

1. d4 Nf6 2. Bf4 e6 3. Nc3 d5 4. e3 Bd6 5. Qf3 a6 6. g4 b5 7. g5 Nfd7 8. Bd3 Bb7 9. Qg3 Bxf4 10. exf4 c5 11. Nf3 Nc6 12. O-O cxd4 13. Ne2 Qb6 14. a3 a5 15. Rfd1 g6 16. Qh4 Ke7 17. c3 dxc3 18. Nxc3 b4 19. Nb5 Nc5 20. Bf1 Ba6 21. a4 Nxa4 22. Rxa4 Bxb5 23. Raa1 Bxf1 24. Rxf1 Nd4 25. Ne5 Qc7 26. Kh1 Qb7 27. Rac1 Rac8 28. Qh3 Nc6 29. Ng4 Nd4 30. Qe3 Nf5 31. Qe5 Rhf8 32. Kg1 Nh4 33. Qf6+ Ke8 34. Ne5 d4 35. f3 d3 36. Kf2 d2 37. Rxc8+ Qxc8 38. Rd1 Qc5+ 39. Ke2 Qb5+ 40. Kxd2 Nf5 41. Kc1 Qc5+ 42. Kb1 Nd6 43. Rc1 Qb5 44. Nc6 Nf5 45. Qd8# 1-0


[Site "https://www.chess.com"]

[Event "Titled Tuesday Blitz December 13 Early 2022"]
[White "Todorovic, Bojan"]
[Black "Fernandez De La Vara, Arnaldo"]
[WhiteFideId "917087"]
[BlackFideId "3518388"]
[WhiteElo "2266"]
[BlackElo "2387"]
[Result "0-1"]
[Round "10"]
[TimeControl "180+1"]
[Date "2022.12.14"]
[WhiteClock "0:00:51"]
[BlackClock "0:01:27"]

1. d4 c5 2. d5 Nf6 3. c4 b5 4. cxb5 a6 5. e3 g6 6. Nc3 Bg7 7. Nf3 O-O 8. a4 e6 9. Ra3 Bb7 10. Bc4 axb5 11. axb5 Rxa3 12. bxa3 Qa5 13. Bd2 Qxa3 14. dxe6 fxe6 15. O-O Ng4 16. Ng5 Nxh2 17. Nxe6 dxe6 18. Bxe6+ Kh8 19. Nb1 Qb2 20. Bh3 Nxf1 0-1


[Site "https://www.chess.com"]

[Event "Titled Tuesday Blitz December 13 Early 2022"]
[White "Topalov, Aleksandar"]
[Black "Yeremyan, Alen"]
[WhiteFideId "925659"]
[BlackFideId "13308998"]
[WhiteElo "2151"]
[BlackElo "2159"]
[Result "0-1"]
[Round "10"]
[TimeControl "180+1"]
[Date "2022.12.14"]
[WhiteClock "0:00:03"]
[BlackClock "0:00:59"]

1. b3 Nf6 2. Bb2 g6 3. Bxf6 exf6 4. c4 f5 5. Nc3 h5 6. h4 d6 7. g3 Nd7 8. e3 Ne5 9. d4 Ng4 10. Bg2 Be7 11. Nge2 O-O 12. Nd5 c6 13. Nxe7+ Qxe7 14. O-O Bd7 15. b4 a5 16. a3 Nf6 17. Nf4 Ne4 18. Qc2 Ra7 19. c5 d5 20. Qb2 Rfa8 21. Rfb1 Qd8 22. Bf1 b5 23. a4 bxa4 24. Rxa4 axb4 25. Rxa7 Rxa7 26. Qxb4 Kg7 27. Qb6 Qa8 28. Bd3 Ra2 29. Rb2 Ra7 30. Kg2 f6 31. Qb8 Qxb8 32. Rxb8 g5 33. Nxh5+ Kg6 34. Rh8 Ra2 35. Bxe4 fxe4 36. hxg5 fxg5 37. g4 Bxg4 38. Ng3 Bf3+ 39. Kg1 Ra1+ 40. Kh2 Ra7 41. Rc8 Ra6 42. Rg8+ Kf6 43. Rf8+ Ke7 44. Rg8 Ra2 45. Kg1 g4 46. Rg6 Kd7 47. Rg7+ Kc8 48. Rg8+ Kb7 49. Rg7+ Ka6 50. Rc7 Kb5 51. Rb7+ Kc4 52. Rb6 Kd3 53. Rxc6 Kd2 54. Rb6 Ra1+ 55. Kh2 Ke1 56. Rf6 Kxf2 57. Nh5 Rh1# 0-1


[Site "https://www.chess.com"]

[Event "Titled Tuesday Blitz December 13 Early 2022"]
[White "Tsatsalashvili, Keti"]
[Black "Harsh Suresh"]
[WhiteFideId "13603434"]
[BlackFideId "45018464"]
[WhiteElo "2220"]
[BlackElo "2227"]
[Result "0-1"]
[Round "10"]
[TimeControl "180+1"]
[Date "2022.12.14"]
[WhiteClock "0:00:19"]
[BlackClock "0:00:07"]

1. d4 Nf6 2. c4 c5 3. d5 b5 4. cxb5 a6 5. b6 Qxb6 6. Nc3 d6 7. a4 g6 8. a5 Qc7 9. g3 Bg7 10. Bg2 O-O 11. Nf3 Nbd7 12. O-O Rb8 13. Nd2 Ne5 14. f4 Neg4 15. Nc4 Rb4 16. Nb6 Nd7 17. h3 Bd4+ 18. Kh1 Nf2+ 19. Rxf2 Bxf2 20. Nxd7 Bxd7 21. Kh2 Bd4 22. e3 Bg7 23. e4 Rfb8 24. Qe2 Bb5 25. Qc2 Bc4 26. h4 Qb7 27. h5 gxh5 28. Qd1 h4 29. gxh4 Qd7 30. Bh3 Rxb2+ 31. Bxb2 Rxb2+ 32. Kg3 Qb7 33. Rc1 Qb3 34. Qg4 Rc2 35. Qc8+ Bf8 36. Qg4+ Kh8 37. Rxc2 Qxc2 38. Nd1 Qxe4 39. Qc8 Kg8 40. Bf5 Qe1+ 41. Nf2 Qg1+ 42. Kh3 Bf1# 0-1


[Site "https://www.chess.com"]

[Event "Titled Tuesday Blitz December 13 Early 2022"]
[White "Urazayev, Arystanbek"]
[Black "Araujo Sanchez, Josue"]
[WhiteFideId "13709810"]
[BlackFideId "6416896"]
[WhiteElo "2463"]
[BlackElo "2370"]
[Result "1-0"]
[Round "10"]
[TimeControl "180+1"]
[Date "2022.12.13"]
[WhiteClock "0:02:21"]
[BlackClock "0:01:38"]

1. e4 c6 2. d4 d5 3. exd5 cxd5 4. c4 Nc6 5. Nc3 Nf6 6. Nf3 e6 7. c5 Be7 8. Bb5 O-O 9. O-O Bd7 10. Bf4 Ne4 11. Re1 b6 12. Bxc6 Bxc6 13. Ne5 Bb7 14. c6 Nxc3 15. bxc3 Bc8 16. Qa4 f6 17. Nd7 Kf7 18. Nxf8 Bxf8 19. c4 g5 20. Bg3 h5 21. h4 gxh4 22. Bxh4 Be7 23. Qc2 Kg7 24. Re3 1-0


[Site "https://www.chess.com"]

[Event "Titled Tuesday Blitz December 13 Early 2022"]
[White "Vianello, Enrico"]
[Black "Thiel, Thomas"]
[WhiteFideId "810738"]
[BlackFideId "4615964"]
[WhiteElo "2117"]
[BlackElo "2197"]
[Result "1/2-1/2"]
[Round "10"]
[TimeControl "180+1"]
[Date "2022.12.14"]
[WhiteClock "0:00:18"]
[BlackClock "0:01:34"]

1. d4 Nf6 2. c4 g6 3. Nc3 d5 4. e3 Bg7 5. Nf3 O-O 6. b3 c5 7. dxc5 Ne4 8. Nxe4 Bxa1 9. cxd5 Bf5 10. Ng3 Qa5+ 11. Bd2 Qxa2 12. Bc4 Bc2 13. Qc1 Bg7 14. Nd4 Bxd4 15. exd4 Bxb3 16. Bd3 Bxd5 17. O-O Nc6 18. Bc3 Bc4 19. Bb1 Qa6 20. Qh6 f6 21. Bxg6 hxg6 22. Qxg6+ Kh8 23. Qh6+ Kg8 24. Qg6+ Kh8 25. Qh6+ Kg8 26. Qg6+ 1/2-1/2


[Site "https://www.chess.com"]

[Event "Titled Tuesday Blitz December 13 Early 2022"]
[White "Vifleemskaia, Svetlana"]
[Black "Torres Dominguez, David"]
[WhiteFideId "4129490"]
[BlackFideId "2220857"]
[WhiteElo "1930"]
[BlackElo "2037"]
[Result "0-1"]
[Round "10"]
[TimeControl "180+1"]
[Date "2022.12.14"]
[WhiteClock "0:00:25"]
[BlackClock "0:00:21"]

1. d4 e5 2. dxe5 d6 3. exd6 Bxd6 4. Nf3 Bg4 5. h3 Bh5 6. g4 Bg6 7. Bg2 Nc6 8. O-O Qe7 9. Bg5 f6 10. Be3 O-O-O 11. Qc1 h5 12. g5 fxg5 13. Bxg5 Nf6 14. e3 Be4 15. Nbd2 Bf5 16. Nd4 Nxd4 17. exd4 Qd7 18. Nc4 Bxh3 19. Nxd6+ cxd6 20. Qf4 Bxg2 21. Kxg2 h4 22. c4 h3+ 23. Kh1 Rdf8 24. f3 Nh5 25. Qh2 Qf5 26. Be3 g5 27. Qxd6 Rd8 28. Qh2 Rhe8 29. Rae1 g4 30. fxg4 Qe4+ 31. Kg1 Qxg4+ 32. Kh1 Qe4+ 33. Kg1 Rg8+ 34. Kf2 Rg2+ 0-1


[Site "https://www.chess.com"]

[Event "Titled Tuesday Blitz December 13 Early 2022"]
[White "Vlassov, Nikolai"]
[Black "Aradhya, Garg"]
[WhiteFideId "4103360"]
[BlackFideId "25006746"]
[WhiteElo "2600"]
[BlackElo "2745"]
[Result "1/2-1/2"]
[Round "10"]
[TimeControl "180+1"]
[Date "2022.12.14"]
[WhiteClock "0:00:22"]
[BlackClock "0:01:24"]

1. e4 e5 2. Bc4 Nf6 3. d3 Nc6 4. Nf3 Bc5 5. Bg5 h6 6. Bh4 O-O 7. Nc3 Be7 8. Bxf6 Bxf6 9. Nd5 Na5 10. Qe2 c6 11. Nxf6+ Qxf6 12. h3 Rd8 13. a3 Nxc4 14. dxc4 d5 15. cxd5 cxd5 16. exd5 Rxd5 17. O-O Bf5 18. Rad1 Rad8 19. Rxd5 Rxd5 20. Rd1 Rc5 21. c4 Be6 22. b3 Qf4 23. Qe3 Qxe3 24. fxe3 b5 25. Rd8+ Kh7 26. cxb5 Rxb5 27. b4 a5 28. Rd2 axb4 29. axb4 Rxb4 30. Nxe5 Re4 31. Nf3 Rxe3 32. Kf2 Ra3 33. Nd4 Ra2 34. Rxa2 Bxa2 35. h4 Kg6 36. g4 h5 37. g5 Bd5 38. Kg3 Kh7 39. Kf4 Kg8 40. Ke5 Bb7 41. Nf5 Kf8 42. Kd6 Be4 43. Ng3 Bg6 44. Kd7 f5 45. Ne2 Bf7 46. Kd6 g6 47. Kd7 Bc4 48. Nf4 Kf7 49. Kd6 Bb3 50. Nd3 Bc2 51. Nf4 Be4 52. Ne2 Bd3 53. Nf4 Be4 54. Ne2 Bb1 55. Nf4 Ba2 56. Nd3 Kg7 57. Ke7 Bc4 58. Nf4 Ba6 59. Ne6+ Kg8 60. Kf6 Bc4 61. Nf4 Bf7 62. Nd3 Be8 63. Nf4 Bf7 64. Nd3 Be8 65. Nf4 Bf7 1/2-1/2


[Site "https://www.chess.com"]

[Event "Titled Tuesday Blitz December 13 Early 2022"]
[White "Volkov, Maksim"]
[Black "Khandelwal, Ankush"]
[WhiteFideId "54123070"]
[BlackFideId "413470"]
[WhiteElo "2257"]
[BlackElo "2271"]
[Result "1-0"]
[Round "10"]
[TimeControl "180+1"]
[Date "2022.12.14"]
[WhiteClock "0:00:57"]
[BlackClock "0:00:42"]

1. Nf3 Nf6 2. c4 g6 3. g3 Bg7 4. Bg2 O-O 5. O-O d6 6. d4 Nc6 7. Nc3 e5 8. dxe5 dxe5 9. Bg5 Be6 10. Qc1 Bxc4 11. Rd1 Qe7 12. b3 Be6 13. Ne4 Rfd8 14. Rxd8+ Rxd8 15. Qe3 Bd5 16. Nfd2 Nd4 17. Rc1 Nf5 18. Qxa7 h6 19. Bxf6 Bxf6 20. Rxc7 Qxc7 21. Nxf6+ Kg7 22. Nxd5 Qc1+ 23. Nf1 Nd4 24. Qxb7 Nxe2+ 25. Kh1 Rc8 26. Qa6 Qe1 27. Qf6+ Kh7 28. Qxf7+ Kh8 29. Qf6+ Kh7 30. Qf7+ Kh8 31. Nf6 Qxf2 32. Qh7# 1-0


[Site "https://www.chess.com"]

[Event "Titled Tuesday Blitz December 13 Early 2022"]
[White "Wagner, Dennis"]
[Black "Cruz, William Ferreira Da"]
[WhiteFideId "24650684"]
[BlackFideId "2118050"]
[WhiteElo "2470"]
[BlackElo "2223"]
[Result "1-0"]
[Round "10"]
[TimeControl "180+1"]
[Date "2022.12.14"]
[WhiteClock "0:00:42"]
[BlackClock "0:00:03"]

1. d4 Nf6 2. Nf3 g6 3. Nc3 d6 4. e4 Bg7 5. Be3 O-O 6. Qd2 Nbd7 7. Bh6 e5 8. O-O-O exd4 9. Nxd4 Nc5 10. f3 Ne6 11. Bxg7 Kxg7 12. g4 Nd7 13. h4 Ndc5 14. g5 f6 15. Kb1 Nxd4 16. Qxd4 Ne6 17. Qf2 fxg5 18. hxg5 Qxg5 19. Bc4 Nf4 20. Rdg1 Qf6 21. Nd5 Nxd5 22. Bxd5 c6 23. Qh2 h5 24. Qxh5 Rg8 25. Qh6# 1-0


[Site "https://www.chess.com"]

[Event "Titled Tuesday Blitz December 13 Early 2022"]
[White "Winkels, Marcel"]
[Black "Lopez Idarraga, Daniel Eduardo"]
[WhiteFideId "1003887"]
[BlackFideId "4405501"]
[WhiteElo "1900"]
[BlackElo "2064"]
[Result "0-1"]
[Round "10"]
[TimeControl "180+1"]
[Date "2022.12.14"]
[WhiteClock "0:00:24"]
[BlackClock "0:01:39"]

1. d4 d5 2. Bf4 c5 3. e4 cxd4 4. Qxd4 Nc6 5. Bb5 dxe4 6. Bxc6+ bxc6 7. Qxd8+ Kxd8 8. Nc3 Nf6 9. O-O-O+ Bd7 10. f3 exf3 11. Nxf3 Ke8 12. Ne5 e6 13. Bg5 Rd8 14. Rd2 Be7 15. Rhd1 Nd5 16. Bxe7 Kxe7 17. Ne4 f6 18. Nxd7 Rxd7 19. c4 Nb6 20. Nd6 Rhd8 21. b3 Rxd6 22. Rxd6 Rxd6 23. Re1 c5 24. Re3 Nd7 25. Rg3 Kf7 26. Rh3 h6 27. g4 Ne5 28. Rg3 g5 29. h3 Rd3 30. Rxd3 Nxd3+ 31. Kd2 Nf4 32. a3 a5 33. Kc3 Nxh3 34. b4 axb4+ 35. axb4 cxb4+ 36. Kxb4 Ke7 37. c5 Kd7 38. Kb5 Kc7 39. c6 Nf2 40. Kc5 Nxg4 41. Kb5 Ne5 42. Kc5 Nxc6 43. Kc4 Kd6 44. Kd3 Ke5 45. Ke3 f5 46. Kf3 Kf6 47. Kg3 e5 48. Kf3 Kg6 49. Kg3 h5 50. Kf3 Nd8 51. Kg3 Nf7 52. Kf3 Nh8 53. Kf2 g4 54. Ke3 Kg5 55. Kf2 h4 56. Kg2 f4 57. Kf2 Kf5 58. Kg2 e4 59. Kf2 Ke5 60. Ke2 Kd4 0-1


[Site "https://www.chess.com"]

[Event "Titled Tuesday Blitz December 13 Early 2022"]
[White "Xu, Yi"]
[Black "Svane, Rasmus"]
[WhiteFideId "8605564"]
[BlackFideId "4657101"]
[WhiteElo "2471"]
[BlackElo "2674"]
[Result "0-1"]
[Round "10"]
[TimeControl "180+1"]
[Date "2022.12.13"]
[WhiteClock "0:00:13"]
[BlackClock "0:00:39"]

1. e4 c6 2. d4 d5 3. e5 Bf5 4. h4 h5 5. Bd3 Bxd3 6. Qxd3 Qa5+ 7. Nd2 e6 8. Ne2 Qa6 9. c4 Ne7 10. O-O Nf5 11. b3 Be7 12. Nf3 Nd7 13. Bg5 Bxg5 14. hxg5 g6 15. a4 Rd8 16. a5 c5 17. dxc5 Nxc5 18. Qb1 dxc4 19. bxc4 Qxc4 20. Rc1 Qxe2 21. Rxc5 O-O 22. Rc7 h4 23. Rxb7 h3 24. Rb3 hxg2 25. Kxg2 Kg7 26. Qe1 Qc4 27. Qb4 Qd5 28. Qb7 Nh4+ 29. Kg3 Nxf3 30. Qxd5 Rxd5 31. Rxf3 Rxe5 32. Kg4 Rb8 33. Rf4 Rbb5 34. Rc1 Rxg5+ 35. Kh3 Rxa5 36. Rc7 Rgf5 0-1


[Site "https://www.chess.com"]

[Event "Titled Tuesday Blitz December 13 Early 2022"]
[White "Yedidia, Daniel"]
[Black "Tarasova, Viktoriya"]
[WhiteFideId "30905907"]
[BlackFideId "4175840"]
[WhiteElo "2550"]
[BlackElo "2182"]
[Result "1-0"]
[Round "10"]
[TimeControl "180+1"]
[Date "2022.12.14"]
[WhiteClock "0:00:06"]
[BlackClock "0:00:02"]

1. d4 Nf6 2. c4 e6 3. Nc3 Bb4 4. e3 O-O 5. Bd3 d5 6. Nf3 b6 7. O-O Ba6 8. cxd5 exd5 9. Ne5 Qc8 10. Bd2 Bxd3 11. Nxd3 Bd6 12. f4 c5 13. Rc1 Nbd7 14. Ne5 Qb7 15. Qf3 Rad8 16. Be1 Ne4 17. Rc2 f6 18. Nd3 c4 19. Nf2 f5 20. g4 g6 21. gxf5 gxf5 22. Nfxe4 fxe4 23. Rg2+ Kh8 24. Qh5 Nf6 25. Qh6 Qf7 26. Bh4 Be7 27. Kh1 Ng8 28. Rxg8+ Rxg8 29. Bxe7 Qxe7 30. Ne2 Qg7 31. Qxg7+ Rxg7 32. Ng3 Rc7 33. Ne2 b5 34. f5 b4 35. Nf4 Rdc8 36. Nxd5 Rb7 37. f6 c3 38. bxc3 bxc3 39. Nxc3 Rxc3 40. f7 Rxf7 41. Rxf7 Rxe3 42. Rxa7 Rd3 43. Rd7 Ra3 44. Re7 Rxa2 45. Rxe4 Rd2 46. h4 Kg7 47. Kg1 Kg6 48. Kf1 Kf5 49. Re5+ Kf6 50. Re4 Kf5 51. Re5+ Kf6 52. Rd5 Ke6 53. Rd8 Ke7 54. Ke1 Rh2 55. Rd5 Rxh4 56. Ke2 Ke6 57. Re5+ Kd6 58. Kd3 Rh3+ 59. Kc4 h5 60. Rg5 h4 61. Rg6+ Kd7 62. Kd5 Rg3 63. Rh6 Rg5+ 64. Ke4 Rg4+ 65. Ke5 Rg5+ 66. Ke4 Rg4+ 67. Kd5 Rg5+ 68. Kc4 Rg4 69. Kc5 Rg5+ 70. d5 Rg4 71. Rh7+ Ke8 72. Kc6 Kd8 73. Rh8+ Ke7 74. d6+ Ke6 75. Re8+ Kf7 76. d7 Rd4 77. d8=Q Rxd8 78. Rxd8 Kf6 79. Rg8 Kf5 80. Kd5 Kf4 81. Kd4 h3 82. Rf8+ Kg3 83. Ke3 h2 84. Rg8+ Kh3 85. Kf2 h1=N+ 86. Kf3 Kh2 87. Rh8+ Kg1 88. Ra8 Kh2 89. Ra2+ Kh3 90. Rg2 Kh4 91. Rh2+ Kg5 92. Rxh1 1-0


[Site "https://www.chess.com"]

[Event "Titled Tuesday Blitz December 13 Early 2022"]
[White "Yurasova, Daria"]
[Black "Aloma Vidal, Robert"]
[WhiteFideId "34146919"]
[BlackFideId "2260409"]
[WhiteElo "2098"]
[BlackElo "2435"]
[Result "0-1"]
[Round "10"]
[TimeControl "180+1"]
[Date "2022.12.14"]
[WhiteClock "0:01:34"]
[BlackClock "0:01:39"]

1. d4 d5 2. Nf3 Bf5 3. Bf4 e6 4. e3 Bd6 5. Bg3 Nf6 6. Nbd2 Ne4 7. Bd3 O-O 8. O-O Nd7 9. Qe2 Ndf6 10. Be5 c5 11. c3 c4 12. Bb1 b5 13. Rd1 a5 14. Nh4 b4 15. Nxf5 exf5 16. Bxe4 fxe4 17. Bxd6 Qxd6 18. Nf1 a4 19. Ng3 a3 20. cxb4 Qxb4 21. bxa3 Rxa3 22. Rab1 Qa4 23. Rd2 g6 24. h4 Ra8 25. Ra1 h5 26. Rc2 Kg7 27. Qd2 Rd3 28. Qe1 Qxc2 0-1


[Site "https://www.chess.com"]

[Event "Titled Tuesday Blitz December 13 Early 2022"]
[White "Zemlyanskii, Ivan"]
[Black "Hirneise, Jens"]
[WhiteFideId "24249971"]
[BlackFideId "24614734"]
[WhiteElo "2107"]
[BlackElo "2345"]
[Result "0-1"]
[Round "10"]
[TimeControl "180+1"]
[Date "2022.12.14"]
[WhiteClock "0:00:02"]
[BlackClock "0:00:17"]

1. d4 Nf6 2. c4 c5 3. d5 b5 4. Nf3 e6 5. Bf4 exd5 6. cxd5 Bb7 7. e4 c4 8. Nc3 Bb4 9. Qc2 O-O 10. Bg5 d6 11. Be2 Nbd7 12. O-O a6 13. a4 Qb6 14. Nh4 g6 15. Kh1 Rfe8 16. axb5 axb5 17. Rxa8 Bxa8 18. f3 Bb7 19. Bd2 Bc5 20. b3 cxb3 21. Qxb3 b4 22. Na4 Qa5 23. Nxc5 Nxc5 24. Qxb4 Qxb4 25. Bxb4 Bxd5 26. Rd1 Bxe4 27. Bxc5 dxc5 28. Bb5 Rb8 29. Bc4 Bc2 30. Rc1 Kg7 31. h3 Rb1 32. Rxb1 Bxb1 33. Kg1 Nd7 34. f4 Nb6 35. Bb5 c4 36. Nf3 c3 37. Nd4 c2 38. Ne2 Nd5 39. g3 Nc3 40. Nc1 Nxb5 0-1


[Site "https://www.chess.com"]

[Event "Titled Tuesday Blitz December 13 Early 2022"]
[White "Zhigalko, Sergei"]
[Black "Weetik, Vjacheslav"]
[WhiteFideId "13502956"]
[BlackFideId "4153472"]
[WhiteElo "2662"]
[BlackElo "2469"]
[Result "1-0"]
[Round "10"]
[TimeControl "180+1"]
[Date "2022.12.13"]
[WhiteClock "0:01:12"]
[BlackClock "0:00:01"]

1. e4 e5 2. Nf3 Nc6 3. Bb5 Nge7 4. O-O g6 5. c3 Bg7 6. d4 exd4 7. cxd4 d5 8. exd5 Nxd5 9. Bg5 Qd6 10. Re1+ Be6 11. Nc3 O-O 12. Ne4 Qb4 13. Bxc6 bxc6 14. Qc1 Rfe8 15. a3 Qb5 16. Nc5 Bf5 17. b4 a5 18. bxa5 Qxa5 19. Bd2 Qa7 20. Ne5 f6 21. Nxc6 Qb6 22. Nb4 Nxb4 23. Bxb4 Qb5 24. h3 g5 25. d5 Rad8 26. Ne6 Rd7 27. Nd4 Rxe1+ 28. Qxe1 Qxd5 29. Qe8+ 1-0


[Site "https://www.chess.com"]

[Event "Titled Tuesday Blitz December 13 Early 2022"]
[White "Agasarov, Benik"]
[Black "Volkov, Maksim"]
[WhiteFideId "13314823"]
[BlackFideId "54123070"]
[WhiteElo "2179"]
[BlackElo "2257"]
[Result "0-1"]
[Round "11"]
[TimeControl "180+1"]
[Date "2022.12.14"]
[WhiteClock "0:00:21"]
[BlackClock "0:00:14"]

1. e4 c5 2. Nc3 d6 3. d4 cxd4 4. Qxd4 Nc6 5. Qd2 g6 6. b3 Bh6 7. f4 e5 8. g3 Nf6 9. Bb2 O-O 10. O-O-O Re8 11. Bg2 Bg4 12. Rf1 b5 13. h3 Bc8 14. Nge2 Ba6 15. Nd5 b4 16. Nxf6+ Qxf6 17. g4 Bxe2 18. g5 Bxf1 19. Rxf1 Qg7 20. Qxd6 Qf8 21. Qxc6 Bg7 22. f5 Rac8 23. Qb5 Qd6 24. Rd1 Qc7 25. Qe2 Red8 26. Rf1 a5 27. f6 Bf8 28. h4 Bc5 29. Kb1 Bd4 30. h5 Bxb2 31. hxg6 Bd4 32. gxf7+ Kxf7 33. Bh3 Kf8 34. Qh5 Qxc2# 0-1


[Site "https://www.chess.com"]

[Event "Titled Tuesday Blitz December 13 Early 2022"]
[White "Aizpurua, Patrick Emilio"]
[Black "Lewtak, Damian"]
[WhiteFideId "6600522"]
[BlackFideId "1141724"]
[WhiteElo "2378"]
[BlackElo "2330"]
[Result "1-0"]
[Round "11"]
[TimeControl "180+1"]
[Date "2022.12.14"]
[WhiteClock "0:00:07"]
[BlackClock "0:00:02"]

1. e4 c5 2. c3 d5 3. exd5 Qxd5 4. d4 Nf6 5. Nf3 Nc6 6. Be2 cxd4 7. cxd4 Bg4 8. Nc3 Qa5 9. O-O e6 10. Be3 Be7 11. h3 Bh5 12. a3 O-O 13. b4 Qd8 14. Qd2 a6 15. Rfd1 Nd5 16. Ne4 Nxe3 17. fxe3 b6 18. Rac1 Qd5 19. Nf2 Rfc8 20. Rxc6 Rxc6 21. Ne5 Bxe2 22. Nxc6 Qxc6 23. Qxe2 Qb5 24. Qc2 a5 25. Rb1 axb4 26. axb4 h5 27. Nd3 g6 28. Rf1 Bd6 29. Qb3 Kg7 30. Qc3 Kg8 31. Nf4 Bxf4 32. Rxf4 Qd7 33. e4 Rc8 34. Qd2 Rc4 35. e5 Qe7 36. b5 Qc7 37. Kh2 Rc2 38. Qe3 Qb7 39. Rf2 Rxf2 40. Qxf2 Qd5 41. Qb2 Kg7 42. Qb4 g5 43. Qe7 Qxd4 44. Qxg5+ Kf8 45. Qxh5 Qe3 46. Qh8+ Ke7 47. Qf6+ Ke8 48. h4 Qe2 49. Qg5 Qxb5 50. h5 Qd3 51. h6 Qe4 52. Qg8+ Ke7 53. Qg5+ Ke8 54. Kg3 Qd3+ 55. Kh4 Qe4+ 56. g4 Qe1+ 57. Kh3 Qh1+ 58. Kg3 Qg1+ 59. Kf3 Qf1+ 60. Ke4 Qc4+ 61. Kf3 Qd3+ 62. Qe3 Qxe3+ 63. Kxe3 Kf8 64. Kd4 Kg8 65. Kc4 f6 66. exf6 e5 67. g5 e4 68. g6 e3 69. Kd3 1-0


[Site "https://www.chess.com"]

[Event "Titled Tuesday Blitz December 13 Early 2022"]
[White "Aldokhin, Ivan"]
[Black "Bettalli, Francesco"]
[WhiteFideId "24115720"]
[BlackFideId "2816453"]
[WhiteElo "2313"]
[BlackElo "2216"]
[Result "1-0"]
[Round "11"]
[TimeControl "180+1"]
[Date "2022.12.14"]
[WhiteClock "0:00:09"]
[BlackClock "0:01:13"]

1. d4 g6 2. c4 Bg7 3. Nc3 c5 4. d5 Bxc3+ 5. bxc3 f5 6. e4 fxe4 7. f3 Nf6 8. fxe4 Nxe4 9. Bd3 Nf6 10. Bh6 d6 11. Nf3 Bg4 12. O-O Nbd7 13. Qb1 Qb6 14. Qc2 Bxf3 15. Rxf3 Ne5 16. Rff1 O-O-O 17. Bf4 Nfd7 18. Bg5 Rde8 19. a4 Qa6 20. Rab1 Kb8 21. Rb5 Nxd3 22. Qxd3 Ne5 23. Qc2 Nxc4 24. Qb3 Nb6 25. a5 Nxd5 26. Rb1 Nb4 27. Qa4 Nc6 28. Qb3 Nxa5 29. Rxa5 Qc6 30. Qa2 Qe4 31. Rxa7 Qxb1+ 32. Qxb1 Kxa7 33. Qa2+ Kb8 34. Qe6 Rhf8 35. Bxe7 Ka7 36. Qxd6 Rf5 37. g4 Rf3 38. Qxc5+ Ka8 39. Qa5+ Kb8 40. Bd6+ Kc8 41. Qc7# 1-0


[Site "https://www.chess.com"]